| TOP OF THE 1ST |
|
Idaho Falls Chukars batting - Pitching for Lowell Spinners : LHP Tara Kawashima
|
|
Pitching: LHP Tara Kawashima
|
|
|
Batting: RHB Jon Shonka
|
0-0: Foul Ball, location: 2F 0-1: SINGLE (Groundball, 6MD, EV 105.0 MPH)
|
|
Batting: RHB Joe Gabriel
|
0-0: Swinging Strike 0-1: Foul Ball, location: 2F 0-2: Ground out 5-3 (Groundball, 56S, EV 73.1 MPH) Jon Shonka to second
|
|
Batting: RHB Hugo Chavez
|
0-0: Called Strike 0-1: Fly out, F9 (Flyball, 9S, EV 80.6 MPH)
|
|
Batting: RHB Masakuni Takeuchi
|
0-0: Ball 1-0: Called Strike 1-1: DOUBLE (Line Drive, 3D, EV 98.8 MPH) Jon Shonka scores
|
|
Batting: RHB Bill Cranton
|
0-0: Ball 1-0: Ground out U3 (Groundball, 34S, EV 83.8 MPH)
|
| Top of the 1st over - 1 run, 2 hits, 0 errors, 1 left on base; Idaho Falls 1 - Lowell 0 |
| BOTTOM OF THE 1ST |
|
Lowell Spinners batting - Pitching for Idaho Falls Chukars : RHP Joey Ferguson
|
|
Pitching: RHP Joey Ferguson
|
|
|
Batting: LHB Eric Gaugler
|
0-0: Called Strike 0-1: Ball 1-1: Swinging Strike 1-2: Strikes out swinging
|
|
Batting: LHB Kevin Rolison
|
0-0: Called Strike 0-1: Foul Ball, location: 2F 0-2: Foul Ball, location: 2F 0-2: Foul Ball, location: 2F 0-2: SOLO HOME RUN (Flyball, 9D, EV 98.8 MPH), Distance : 388 ft
|
|
Batting: LHB Kien-lung Zou
|
0-0: Ball 1-0: Ball 2-0: Swinging Strike 2-1: Ball 3-1: Base on Balls
|
|
Batting: LHB Javier Cajina
|
0-0: Called Strike Balk! Kien-lung Zou to second 0-1: Ball 1-1: Foul Ball, location: 2F 1-2: Foul Ball, location: 2F 1-2: Ball 2-2: Ball 3-2: Strikes out looking
|
|
Batting: RHB Willie Camacho
|
0-0: SINGLE (Groundball, 56S, EV 98.8 MPH) Kien-lung Zou to third Runner from 3rd tries for Home, SAFE, throw by LF to home Willie Camacho to second
|
|
Batting: LHB Mike Hutcheson
|
0-0: Called Strike 0-1: Called Strike 0-2: Strikes out swinging
|
| Bottom of the 1st over - 2 runs, 2 hits, 0 errors, 1 left on base; Idaho Falls 1 - Lowell 2 |
| TOP OF THE 2ND |
|
Idaho Falls Chukars batting - Pitching for Lowell Spinners : LHP Tara Kawashima
|
|
Batting: LHB Vicente Hernandez
|
0-0: Ball 1-0: Ball 2-0: Foul Ball, location: 2F 2-1: SINGLE (Groundball, 6D, EV 105.0 MPH)
|
|
Batting: RHB Jason Conner
|
0-0: Fielders Choice at 2nd, 6-4 (Groundball, 6M, EV 106.2 MPH)
|
|
Batting: RHB Shura Mogilny
|
0-0: Called Strike 0-1: Foul Ball, location: 2F 0-2: Foul Ball, location: 2F 0-2: Ball 1-2: Ball 2-2: Fly out, F4 (Line Drive, 4, EV 66.9 MPH)
|
|
Batting: RHB Matt Weddle
|
0-0: Ball 1-0: Called Strike 1-1: Hit by Pitch Jason Conner to second
|
|
Batting: RHB Jon Shonka
|
0-0: Swinging Strike 0-1: Fly out, F7 (Flyball, 7, EV 90.0 MPH)
|
| Top of the 2nd over - 0 runs, 1 hit, 0 errors, 2 left on base; Idaho Falls 1 - Lowell 2 |
| BOTTOM OF THE 2ND |
|
Lowell Spinners batting - Pitching for Idaho Falls Chukars : RHP Joey Ferguson
|
|
Batting: RHB Bakhtiar Asadov
|
0-0: Called Strike 0-1: Called Strike 0-2: Ball 1-2: Strikes out swinging
|
|
Batting: SHB Matsudaira Ikeda
|
0-0: Swinging Strike 0-1: Ball 1-1: Ball 2-1: Fly out, F7 (Line Drive, 7, EV 83.8 MPH)
|
|
Batting: RHB Roger Mitchell
|
0-0: Called Strike 0-1: Ball 1-1: Fly out, F7 (Flyball, 78M, EV 75.6 MPH)
|
| Bottom of the 2nd over - 0 runs, 0 hits, 0 errors, 0 left on base; Idaho Falls 1 - Lowell 2 |
| TOP OF THE 3RD |
|
Idaho Falls Chukars batting - Pitching for Lowell Spinners : LHP Tara Kawashima
|
|
Batting: RHB Joe Gabriel
|
0-0: Foul Ball, location: 2F 0-1: Ball 1-1: Called Strike 1-2: Foul Ball, location: 2F 1-2: Strikes out swinging
|
|
Batting: RHB Hugo Chavez
|
0-0: Called Strike 0-1: Ball 1-1: Ball 2-1: Fly out, F8 (Flyball, 78S, EV 91.2 MPH)
|
|
Batting: RHB Masakuni Takeuchi
|
0-0: Ball 1-0: Fly out, F8 (Flyball, 8RM, EV 82.5 MPH)
|
| Top of the 3rd over - 0 runs, 0 hits, 0 errors, 0 left on base; Idaho Falls 1 - Lowell 2 |
| BOTTOM OF THE 3RD |
|
Lowell Spinners batting - Pitching for Idaho Falls Chukars : RHP Joey Ferguson
|
|
Batting: LHB Eric Gaugler
|
0-0: Fly out, F4 (Line Drive, 4, EV 75.0 MPH)
|
|
Batting: LHB Kevin Rolison
|
0-0: Ball 1-0: Ball 2-0: Ball 3-0: Called Strike 3-1: Base on Balls
|
|
Batting: LHB Kien-lung Zou
|
0-0: Ball 1-0: Foul Ball, location: 2F 1-1: Ground out 4-3 (Groundball, 4MS, EV 70.0 MPH) Kevin Rolison to second
|
|
Batting: LHB Javier Cajina
|
0-0: Ball 1-0: Ball 2-0: Called Strike 2-1: Ball 3-1: Foul Ball, location: 2F 3-2: Strikes out swinging
|
| Bottom of the 3rd over - 0 runs, 0 hits, 0 errors, 1 left on base; Idaho Falls 1 - Lowell 2 |
| TOP OF THE 4TH |
|
Idaho Falls Chukars batting - Pitching for Lowell Spinners : LHP Tara Kawashima
|
|
Batting: RHB Bill Cranton
|
0-0: Ball 1-0: Ball 2-0: Called Strike 2-1: SINGLE (Line Drive, 89S, EV 88.8 MPH)
|
|
Batting: LHB Vicente Hernandez
|
0-0: Ball 1-0: Ball 2-0: Foul Ball, location: 2F 2-1: Ball 3-1: Called Strike 3-2: Foul Ball, location: 2F 3-2: Foul Ball, location: 2F 3-2: Fielders Choice at 2nd, 1-6 (Groundball, 34S, EV 64.4 MPH)
|
|
Batting: RHB Jason Conner
|
0-0: Ball 1-0: Swinging Strike 1-1: Swinging Strike 1-2: Foul Ball, location: 2F 1-2: Strikes out swinging
|
|
Batting: RHB Shura Mogilny
|
0-0: Called Strike 0-1: Ball 1-1: Ball 2-1: Fly out, F9 (Flyball, 9, EV 89.4 MPH)
|
| Top of the 4th over - 0 runs, 1 hit, 0 errors, 1 left on base; Idaho Falls 1 - Lowell 2 |
| BOTTOM OF THE 4TH |
|
Lowell Spinners batting - Pitching for Idaho Falls Chukars : RHP Joey Ferguson
|
|
Batting: RHB Willie Camacho
|
0-0: Ball 1-0: DOUBLE (Flyball, 78D, EV 89.4 MPH)
|
|
Batting: LHB Mike Hutcheson
|
0-0: Ball 1-0: Ball 2-0: Fly out, F9 (Line Drive, 89M, EV 96.2 MPH)
|
|
Batting: RHB Bakhtiar Asadov
|
0-0: Foul Ball, location: 2F 0-1: Ball 1-1: Foul Ball, location: 2F 1-2: Ball 2-2: 2-RUN HOME RUN (Flyball, 7D, EV 99.4 MPH), Distance : 404 ft
|
|
Batting: SHB Matsudaira Ikeda
|
0-0: Called Strike 0-1: Foul Ball, location: 2F 0-2: SINGLE (Groundball, 6S, EV 69.4 MPH) (infield hit)
|
|
Batting: RHB Roger Mitchell
|
0-0: Ball Matsudaira Ikeda steals 2nd base 1-0: Ball 2-0: Ball 3-0: Called Strike 3-1: Base on Balls
|
|
Batting: LHB Eric Gaugler
|
0-0: Ball 1-0: Called Strike 1-1: Fly out, F9 (Flyball, 89D, EV 98.8 MPH) Runner from 2nd tags up, SAFE at 3rd, no throw by RF
|
|
Batting: LHB Kevin Rolison
|
0-0: Ball 1-0: Foul Ball, location: 2F 1-1: Foul Ball, location: 2F 1-2: Ball 2-2: Hit by Pitch Roger Mitchell to second
|
|
Pitching: RHP Chance Griffin
|
|
|
Batting: LHB Kien-lung Zou
|
0-0: Ball 1-0: Ball 2-0: Called Strike 2-1: Ball 3-1: Called Strike 3-2: Foul Ball, location: 2F 3-2: Fly out, F9 (Flyball, 9, EV 91.9 MPH)
|
| Bottom of the 4th over - 2 runs, 3 hits, 0 errors, 3 left on base; Idaho Falls 1 - Lowell 4 |
| TOP OF THE 5TH |
|
Idaho Falls Chukars batting - Pitching for Lowell Spinners : LHP Tara Kawashima
|
|
Batting: RHB Matt Weddle
|
0-0: Swinging Strike 0-1: Ball 1-1: Ball 2-1: Foul Ball, location: 2F 2-2: Strikes out swinging
|
|
Batting: RHB Jon Shonka
|
0-0: Foul Ball, location: 2F 0-1: Ball 1-1: Ball 2-1: Ball 3-1: Fly out, F9 (Flyball, 9D, EV 102.5 MPH)
|
|
Batting: RHB Joe Gabriel
|
0-0: Ball 1-0: Ball 2-0: Ball 3-0: SINGLE (Groundball, 56, EV 110.0 MPH) (infield hit)
|
|
Batting: RHB Hugo Chavez
|
0-0: Foul Ball, location: 2F 0-1: Ball 1-1: Ball 2-1: SINGLE (Groundball, 4D, EV 95.6 MPH) Joe Gabriel to second Runner from 2nd tries for 3rd, OUT after rundown.
|
| Top of the 5th over - 0 runs, 2 hits, 0 errors, 1 left on base; Idaho Falls 1 - Lowell 4 |
| BOTTOM OF THE 5TH |
|
Lowell Spinners batting - Pitching for Idaho Falls Chukars : RHP Chance Griffin
|
|
Batting: LHB Javier Cajina
|
0-0: Called Strike 0-1: Foul Ball, location: 2F 0-2: Strikes out swinging
|
|
Batting: RHB Willie Camacho
|
0-0: Called Strike 0-1: Swinging Strike 0-2: Ball 1-2: Fly out, F8 (Flyball, 8RM, EV 87.5 MPH)
|
|
Batting: LHB Mike Hutcheson
|
0-0: Hit by Pitch
|
|
Batting: RHB Bakhtiar Asadov
|
0-0: Foul Ball, location: 2F 0-1: Ball Mike Hutcheson steals 2nd base 1-1: SINGLE (Line Drive, 8RS, EV 102.5 MPH) Mike Hutcheson to third Runner from 3rd tries for Home, SAFE, throw by CF to home
|
|
Batting: SHB Matsudaira Ikeda
|
0-0: Ball 1-0: Ground out 4-3 (Groundball, 4, EV 81.9 MPH)
|
| Bottom of the 5th over - 1 run, 1 hit, 0 errors, 1 left on base; Idaho Falls 1 - Lowell 5 |
| TOP OF THE 6TH |
|
Idaho Falls Chukars batting - Pitching for Lowell Spinners : LHP Tara Kawashima
|
|
Batting: RHB Masakuni Takeuchi
|
0-0: Called Strike 0-1: SINGLE (Groundball, 34D, EV 102.5 MPH)
|
|
Pitching: LHP Jessie Leslie
|
|
|
Batting: RHB Bill Cranton
|
0-0: Called Strike 0-1: Ball 1-1: Foul Ball, location: 2F 1-2: Strikes out swinging
|
|
Batting: LHB Vicente Hernandez
|
0-0: Ball 1-0: Called Strike 1-1: Called Strike 1-2: Ball 2-2: SINGLE (Line Drive, 7LS, EV 100.6 MPH) Masakuni Takeuchi to second
|
|
Batting: RHB Jason Conner
|
0-0: Ball 1-0: DOUBLE (Flyball, 8LXD, EV 99.4 MPH) Masakuni Takeuchi scores Vicente Hernandez to third
|
|
Batting: RHB Shura Mogilny
|
0-0: Ball 1-0: Foul Ball, location: 2F 1-1: Foul Ball, location: 2F 1-2: Ball 2-2: Strikes out swinging
|
|
Batting: RHB Matt Weddle
|
0-0: Ball 1-0: Ball 2-0: Foul Ball, location: 2F 2-1: Foul Ball, location: 2F 2-2: Strikes out swinging
|
| Top of the 6th over - 1 run, 3 hits, 0 errors, 2 left on base; Idaho Falls 2 - Lowell 5 |
| BOTTOM OF THE 6TH |
|
Lowell Spinners batting - Pitching for Idaho Falls Chukars : RHP Chance Griffin
|
|
Batting: RHB Roger Mitchell
|
0-0: Ball 1-0: Ball 2-0: Ball 3-0: Called Strike 3-1: Called Strike 3-2: Foul Ball, location: 2F 3-2: Fly out, F5 (Line Drive, 5, EV 68.8 MPH)
|
|
Batting: LHB Eric Gaugler
|
0-0: Ball 1-0: Ball 2-0: Ball 3-0: Called Strike 3-1: Foul Ball, location: 2F 3-2: Base on Balls
|
|
Batting: LHB Kevin Rolison
|
0-0: Called Strike Eric Gaugler steals 2nd base 0-1: Ground out 6-3 (Groundball, 6M, EV 108.8 MPH) Eric Gaugler to third
|
|
Batting: LHB Kien-lung Zou
|
0-0: Ball 1-0: Ball 2-0: Ball 3-0: Called Strike 3-1: Foul Ball, location: 2F 3-2: Base on Balls
|
|
Batting: LHB Javier Cajina
|
0-0: Called Strike 0-1: Foul Ball, location: 2F 0-2: Ball 1-2: Foul Ball, location: 2F 1-2: Hit by Pitch Kien-lung Zou to second
|
|
Pitching: LHP Adrian Sanchez
|
|
|
Batting: RHB Willie Camacho
|
0-0: Ground out 1-3 (Groundball, 34S, EV 61.9 MPH)
|
| Bottom of the 6th over - 0 runs, 0 hits, 0 errors, 3 left on base; Idaho Falls 2 - Lowell 5 |
| TOP OF THE 7TH |
|
Idaho Falls Chukars batting - Pitching for Lowell Spinners : LHP Jessie Leslie
|
|
Batting: RHB Jon Shonka
|
0-0: Ground out 4-3 (Groundball, 4, EV 80.6 MPH)
|
|
Batting: RHB Joe Gabriel
|
0-0: Foul Ball, location: 2F 0-1: Ball 1-1: Foul Ball, location: 2F 1-2: Fly out, F8 (Flyball, 8LM, EV 83.1 MPH)
|
|
Batting: RHB Hugo Chavez
|
0-0: Ground out 5-3 (Groundball, 56S, EV 84.4 MPH)
|
| Top of the 7th over - 0 runs, 0 hits, 0 errors, 0 left on base; Idaho Falls 2 - Lowell 5 |
| BOTTOM OF THE 7TH |
|
Lowell Spinners batting - Pitching for Idaho Falls Chukars : LHP Adrian Sanchez
|
|
Batting: LHB Mike Hutcheson
|
0-0: Ball 1-0: Ball 2-0: Ground out U3 (Groundball, 3, EV 103.1 MPH)
|
|
Batting: RHB Bakhtiar Asadov
|
0-0: Ball 1-0: Ball 2-0: Fly out, F9 (Line Drive, 9S, EV 105.0 MPH)
|
|
Batting: SHB Matsudaira Ikeda
|
0-0: Foul Ball, location: 2F 0-1: Ball 1-1: Called Strike 1-2: Ball 2-2: Strikes out swinging
|
| Bottom of the 7th over - 0 runs, 0 hits, 0 errors, 0 left on base; Idaho Falls 2 - Lowell 5 |
| TOP OF THE 8TH |
|
Idaho Falls Chukars batting - Pitching for Lowell Spinners : LHP Jessie Leslie
|
|
Batting: RHB Masakuni Takeuchi
|
0-0: Ball 1-0: Ball 2-0: Called Strike 2-1: Ground out 6-3 (Groundball, 4M, EV 100.0 MPH)
|
|
Batting: RHB Bill Cranton
|
0-0: TRIPLE (Flyball, 78XD, EV 110.0 MPH)
|
|
Batting: LHB Vicente Hernandez
|
0-0: Swinging Strike 0-1: Swinging Strike 0-2: Ball 1-2: Strikes out swinging
|
|
Batting: RHB Jason Conner
|
0-0: Ball 1-0: Foul Ball, location: 2F 1-1: Ball 2-1: Swinging Strike Balk! Bill Cranton scores 2-2: Fly out, F3 (Line Drive, 3, EV 71.2 MPH)
|
| Top of the 8th over - 1 run, 1 hit, 0 errors, 0 left on base; Idaho Falls 3 - Lowell 5 |
| BOTTOM OF THE 8TH |
|
Lowell Spinners batting - Pitching for Idaho Falls Chukars : LHP Adrian Sanchez
|
|
Batting: RHB Roger Mitchell
|
0-0: Foul Ball, location: 2F 0-1: Ball 1-1: SINGLE (Groundball, 3D, EV 106.2 MPH)
|
|
Batting: LHB Eric Gaugler
|
0-0: Bunted foul 0-1: Bunt missed! 0-2: Ball 1-2: Ball 2-2: Ball 3-2: Base on Balls Roger Mitchell to second
|
|
Batting: LHB Kevin Rolison
|
0-0: Bunted foul 0-1: Sac Bunt to 13S - play at first, batter OUT! 1-4 Roger Mitchell to third Eric Gaugler to second
|
|
Batting: LHB Kien-lung Zou
|
0-0: Called Strike 0-1: Swinging Strike 0-2: Ball 1-2: Foul Ball, location: 2F 1-2: Fly out, F7 (Flyball, 78S, EV 85.6 MPH) Runner from 3rd tags up, SCORES, throw by LF
|
|
Batting: LHB Javier Cajina
|
0-0: Ball 1-0: Foul Ball, location: 2F 1-1: Swinging Strike 1-2: Ball 2-2: Strikes out looking
|
| Bottom of the 8th over - 1 run, 1 hit, 0 errors, 1 left on base; Idaho Falls 3 - Lowell 6 |
| TOP OF THE 9TH |
|
Idaho Falls Chukars batting - Pitching for Lowell Spinners : LHP Jessie Leslie
|
|
Pitching: RHP Austin O'Connor
|
|
|
Batting: RHB Shura Mogilny
|
0-0: Swinging Strike 0-1: Foul Ball, location: 2F 0-2: Strikes out swinging
|
|
Pinch Hitting: RHB Chance Argy
|
0-0: Called Strike 0-1: Ball 1-1: Foul Ball, location: 2F 1-2: Foul Ball, location: 2F 1-2: SOLO HOME RUN (Flyball, 78XD, EV 108.1 MPH), Distance : 404 ft
|
|
Batting: RHB Jon Shonka
|
0-0: Swinging Strike 0-1: Foul Ball, location: 2F 0-2: Strikes out swinging
|
|
Batting: RHB Joe Gabriel
|
0-0: Ball 1-0: Ball 2-0: Ball 3-0: Called Strike 3-1: SINGLE (Groundball, 5S, EV 60.6 MPH) (infield hit)
|
|
Batting: RHB Hugo Chavez
|
0-0: Foul Ball, location: 2F 0-1: Foul Ball, location: 2F 0-2: Ball 1-2: Foul Ball, location: 2F 1-2: Strikes out swinging
|
| Top of the 9th over - 1 run, 2 hits, 0 errors, 1 left on base; Idaho Falls 4 - Lowell 6 |
|